 Dungeon Crawl Stone Soup version 0.31-a0-889-g1a8549509d (webtiles) character file.

Game seed: 17461141634461187388

66 Newt the Shooter (level 4, -3/30 HPs)
             Began as a Kobold Hunter on Oct 16, 2023.
             Killed from afar by an orc wizard (12 damage)
             ... with a puff of flame
             ... on level 3 of the Dungeon.
             The game lasted 00:01:21 (1358 turns).

Newt the Shooter (Kobold Hunter)                    Turns: 1358, Time: 00:01:21

Health: -3/30      AC:  3    Str:  6 (8)  XL:     4   Next: 37%
Magic:  4/4        EV: 15    Int:  8 (10) God:
Gold:   129        SH:  0    Dex: 25 (26) Spells: 3/3 levels left

rFire   . . .        a - +1 shortbow
rCold   . . .        (shield currently unavailable)
rNeg    . . .        c - +0 leather armour
rPois   .            (no helmet)
rElec   .            (no cloak)
rCorr   .            (no gloves)
SInv    .            (no boots)
Will    .....        (no amulet)
Stlth   ++           d - +6 ring of dexterity
HPRegen 0.25/turn    (no ring)
MPRegen 0.09/turn

%: no passive effects
@: confused
A: small, no large weapons, nightstalker 3
a: no special abilities


You were on level 3 of the Dungeon.
You visited 1 branch of the dungeon, and saw 3 of its levels.

You collected 129 gold pieces.

Inventory:

Hand Weapons
 a - a +1 shortbow (weapon)
Armour
 c - a +0 leather armour (worn)
Jewellery
 d - a +6 ring of dexterity (left hand)
Scrolls
 b - a scroll of butterflies
 g - 2 scrolls of teleportation
Potions
 e - a potion of curing
 f - 2 potions of cancellation {unknown}
 h - a potion of degeneration
 i - a potion of invisibility {unknown}
 j - a potion of berserk rage {unknown}
 k - a potion of magic {unknown}
 l - a potion of haste


   Skills:
 + Level 4.7 Fighting
 - Level 5.3 Ranged Weapons
 - Level 2.4 Dodging
 - Level 1.3 Stealth


You had 3 spell levels left.
You didn't know any spells.
Your spell library contained the following spells:

 Spells                   Type           Power      Damage    Failure   Level
 Dazzling Flash           Conj/Hex       0%         N/A       90%         3
 Agony                    Necr           0%         N/A       100%        5
 Silence                  Hex/Air        0%         N/A       100%        5


Dungeon Overview and Level Annotations

Branches:
Dungeon (3/15)

Altars:


Innate Abilities, Weirdness & Mutations

You are small and have problems with some larger weapons.
You are completely attuned to the shadows.


Message History

The orc is heavily wounded.
The orc misses you.
You shoot an arrow. The arrow hits the orc!
You kill the orc!
The orc wizard closely misses you.
You shoot an arrow. The arrow hits the orc wizard.
The orc wizard is lightly wounded.
The orc wizard points at you and mumbles some strange words.
The puff of flame misses you.
You shoot an arrow. The arrow hits the orc wizard!
The orc wizard is severely wounded.
The orc wizard casts a spell at you. The magic dart hits you!
The orc wizard casts a spell at you. The magic dart hits you.
You shoot an arrow.
The arrow closely misses the orc wizard.
The orc wizard gestures wildly while chanting.
The orc wizard flickers and vanishes!
Deactivating autopickup; reactivate with Ctrl-A.
No target in view!
There is a strange disturbance nearby!
Unknown command.
No target in view!
No target in view!
Unknown command.
You shoot an arrow. Something hits you.
You shoot an arrow.
You hear some strange, mumbled words.
You are confused.
You bump into the rock wall.
Something hits you. Something hits you.
Things that are here:
a +0 flail; a +0 ring mail You bump into the rock wall.
Something hits you.
* * * LOW HITPOINT WARNING * * *
You hear some strange, mumbled words.
A puff of flame appears from out of thin air!
The puff of flame hits you!
You die...

#.# #########.#
#.........#
.###.##...##.# #######
..)).....†.#.###@{.)..
.###.##.........#)##.
####.###.#.....#.##
.....# ####...####
####.#######.##
#...... ..# #.#####
#.# #.#


There were no monsters in sight!

Vanquished Creatures
  A worm (D:2)
  A dart slug (D:1)
  9 orcs (D:3)
  3 endoplasms
  A giant cockroach (D:2)
  5 hobgoblins
  4 jackals (D:1)
  2 kobolds (D:1)
  A quokka (D:2)
  A ball python (D:2)
  13 bats
  A frilled lizard (D:1)
  2 goblins
  3 rats
47 creatures vanquished.

Notes
Turn   | Place    | Note
-------+----------+-------------------------------------------
     0 | D:1      | Newt the Kobold Hunter began the quest for the Orb.
     0 | D:1      | Reached XP level 1. HP: 12/12 MP: 1/1
   137 | D:1      | Reached XP level 2. HP: 14/18 MP: 2/2
   369 | D:1      | Reached XP level 3. HP: 23/23 MP: 3/3
  1304 | D:3      | Reached XP level 4. HP: 30/30 MP: 4/4
  1358 | D:3      | Killed from afar by an orc wizard

Illustrated notes

Levels and vault maps discovered:
D:1:      dpeg_arrival_lava_temple_mockup, layout_rooms
D:2:      layout_loops_ring, minmay_misc_feat_more_columns
D:3:      layout_loops_corners, nicolae_overflow_crystal_walls,
          gammafunk_ghost_abyssal_escape, minmay_misc_feat_secret_circle,
          minmay_ruptured

Skill      XL: |  1  2  3 |
---------------+----------+-----
Fighting       | 3 4 |  4.7
Ranged Weapons | |  5.3
Dodging        | |  2.4
Stealth        | |  1.3

Action                     |  1- 3 |  4- 6 || total
---------------------------+-------+-------++-------
   Fire: Shortbow          |   102 |    32 ||   134
    Use: Scroll            |     5 |       ||     5
         Potion            |     3 |       ||     3
 Armour: Leather armour    |    23 |    15 ||    38
  Dodge: Dodged            |    54 |    12 ||    66

Table legend: (Time is in decaauts)
 A = Elapsed time spent in this place.
 B = Non-inter-level travel time spent in this place.
 C = Inter-level travel time spent in this place.
 D = Time resting spent in this place.
 E = Time spent auto-exploring this place.
 F = Levels seen in this place.
 G = Mean time per level.
                   A        B        C        D        E       F      G
               +--------+--------+--------+--------+--------+-----+--------+
         Total |   1362 |   1337 |     25 |      0 |   1109 |   3 |  454.0 |
       Dungeon |   1362 |   1337 |     25 |      0 |   1109 |   3 |  454.0 |
               +--------+--------+--------+--------+--------+-----+--------+

Top non-repeatable levels by time:
     D:2: 679 daAuts
     D:1: 616 daAuts
     D:3: 67 daAuts
